 Dungeon Crawl Stone Soup version 0.23.2-40-g277498a001 (webtiles) character file.

Game seed: 14100978705318548591

56276 Hylith the Peltast (level 14, 0/90 HPs)
             Began as a Gargoyle Fighter on Aug 13, 2019.
             Was the Champion of Makhleb.
             Killed by divine providence
             ... invoked by an orc high priest
              (13 damage)
             ... on level 2 of the Orcish Mines.
             The game lasted 00:30:59 (15481 turns).

Hylith the Peltast (Gargoyle Fighter)              Turns: 15481, Time: 00:31:00

Health: 0/90       AC: 37    Str: 25    XL:     14   Next: 81%
Magic:  17/17      EV: 26    Int:  9    God:    Makhleb [******]
Gold:   1571       SH: 14    Dex:  9    Spells: 13/13 levels left

rFire    . . .     SeeInvis +   y - +2 flail (drain)
rCold    . . .     Gourm    .   c - +0 shield
rNeg     + . .     Faith    .   F - +1 plate armour {rPois}
rPois    ∞         Spirit   .   O - +1 helmet {SInv}
rElec    +         Reflect  .   (no cloak)
rCorr    .         Harm     .   E - +1 pair of gloves
MR       +....                  z - +1 pair of boots {run}
Stlth    ..........             D - amulet of the acrobat
HPRegen  0.25/turn              N - +2 ring of evasion
MPRegen  0.15/turn              s - +4 ring of protection

@: acrobat, studying Throwing, quick
A: big wings, negative energy resistance 1, electricity resistance, unbreathing,
petrification resistance, rot immunity, AC +10
a: Fly, Minor Destruction, Lesser Servant of Makhleb, Major Destruction, Greater
Servant of Makhleb, Renounce Religion


You were on level 2 of the Orcish Mines.
You worshipped Makhleb.
Makhleb was exalted by your worship.
You were not hungry.

You visited 3 branches of the dungeon, and saw 18 of its levels.

You collected 1972 gold pieces.
You spent 401 gold pieces at shops.

Inventory:

Hand Weapons
 y - a +2 flail of draining (weapon)
Armour
 c - a +0 shield (worn)
 z - a +1 pair of boots of running (worn)
 E - a +1 pair of gloves (worn)
 F - a +1 plate armour of poison resistance (worn)
 O - a +1 helmet of see invisible (worn)
Jewellery
 b - an uncursed ring of fire
 s - a +4 ring of protection (right hand)
 D - an amulet of the acrobat (around neck)
 J - an uncursed ring of ice
 N - a +2 ring of evasion (left hand)
Wands
 g - a wand of random effects (10)
 v - a wand of iceblast (17)
 B - a wand of polymorph (24)
 G - a wand of acid (2)
 S - a wand of disintegration (27)
Scrolls
 h - 4 scrolls of teleportation {unknown}
 k - 7 scrolls of remove curse
 l - 2 scrolls of enchant weapon {unknown}
 o - 3 scrolls of fog
 p - 3 scrolls of fear {unknown}
 x - 2 scrolls of immolation {unknown}
 I - 2 scrolls of amnesia {unknown}
 K - 3 scrolls of blinking {unknown}
 L - a scroll of identify
 M - a scroll of enchant armour {unknown}
 P - 2 scrolls of noise {unknown}
 Q - 3 scrolls of magic mapping {unknown}
 R - 3 scrolls of brand weapon {unknown}
Potions
 a - 3 potions of lignification
 d - 3 potions of might
 e - 2 potions of magic
 i - 3 potions of haste
 j - 3 potions of cancellation
 n - a potion of agility
 q - 14 potions of curing
 t - 2 potions of resistance
 u - 2 potions of heal wounds
 A - 3 potions of brilliance
 C - 3 potions of invisibility
 H - 2 potions of mutation
Books
 U - a manual of Throwing
Miscellaneous
 m - a phial of floods
 T - a box of beasts
Comestibles
 f - 23 rations
 r - 10 chunks of flesh


   Skills:
 + Level 11.1 Fighting
 + Level 15.0 Maces & Flails
 + Level 0.5 Throwing
 + Level 9.5 Armour
 + Level 4.5 Dodging
 - Level 15.1 Shields
 - Level 4.0 Invocations
 - Level 4.0 Evocations


You had 13 spell levels left.
You didn't know any spells.
Your spell library contained the following spells:

 Spells                   Type           Power        Failure   Level  Hunger
 Apportation              Tloc           #.....       99%         1    ##.....
 Confusing Touch          Hex            #.....       99%         1    ##.....
 Corona                   Hex            #......      99%         1    ##.....
 Magic Dart               Conj           #...         99%         1    ##.....
 Summon Butterflies       Summ           #.......     99%         1    ##.....
 Blink                    Tloc           N/A          100%        2    ###....
 Call Imp                 Summ           #.......     100%        2    ###....
 Ensorcelled Hibernation  Hex/Ice        #.....       100%        2    ###....
 Poisonous Vapours        Pois/Air       #.....       100%        2    ###....
 Slow                     Hex            #.......     100%        2    ###....
 Confuse                  Hex            #.......     100%        3    ####...
 Conjure Flame            Conj/Fire      #.......     100%        3    ####...
 Dazzling Spray           Conj/Hex       #.....       100%        3    ####...
 Gell's Gravitas          Tloc           #.........   100%        3    ####...
 Lesser Beckoning         Tloc           #.........   100%        3    ####...
 Mephitic Cloud           Conj/Pois/Air  #.......     100%        3    ####...
 Portal Projectile        Hex/Tloc       #.....       100%        3    ####...
 Recall                   Summ/Tloc      N/A          100%        3    ####...
 Tukima's Dance           Hex            #.......     100%        3    ####...
 Animate Dead             Necr           N/A          100%        4    #####..
 Force Lance              Conj/Tloc      #.......     100%        4    #####..
 Petrify                  Tmut/Erth      #.......     100%        4    #####..
 Alistair's Intoxication  Tmut/Pois      #.......     100%        5    ######.
 Borgnjor's Vile Clutch   Necr/Erth      #.........   100%        5    ######.
 Metabolic Englaciation   Hex/Ice        #.........   100%        5    ######.
 Yara's Violent Unravell  Hex/Tmut       #.........   100%        5    ######.
 Death Channel            Necr           #.........   100%        6    #######
 Dispersal                Tloc           #.........   100%        6    #######
 Freezing Cloud           Conj/Ice/Air   #.........   100%        6    #######
 Invisibility             Hex            #.......     100%        6    #######
 Simulacrum               Ice/Necr       #.........   100%        6    #######
 Ring of Flames           Chrm/Fire      #.........   100%        7    #######
 Controlled Blink         Tloc           N/A          100%        8    #######
 Disjunction              Tloc           #.........   100%        8    #######


Dungeon Overview and Level Annotations

Branches:
Dungeon (10/15)            Temple (0/1) D:7            Lair (6/6) D:8
 Shoals (0/4) Lair:2       Spider (0/4) Lair:4        Slime (0/5) Lair:6
    Orc (2/2) D:10            Elf (0/3) Orc:2

Altars:
Dithmenos
Elyvilon
Fedhas
Gozag
Kikubaaqudgha
Makhleb
Qazlal
Ru
Sif Muna
Trog
Vehumet
Wu Jian
Xom
Zin
The Shining One
Beogh
Jiyva

Shops:
D:4 ?[*[*   Orc:1 [

Annotations:
D:9 1 runed translucent door, Alannah's ghost, novice DsHu
D:10 2 transporters
Lair:3 exclusion: oklob plant


Innate Abilities, Weirdness & Mutations

You are resistant to torment.
Your stone body is resilient. (AC +10)
You are immune to poison.
Your large and strong wings let you fly indefinitely.
You resist negative energy. (rN+)
You are resistant to electric shocks. (rElec)
You can survive without breathing.
You are immune to petrification.
You are immune to rotting.


Message History

You resist with almost no effort. The orc wizard completely misses you.
The orc priest miscasts a cantrip.
The ynoxinul gestures.
The orc sorcerer gestures at you while chanting.
The bolt of fire hits the orc wizard!!
The orc wizard dies!
The bolt of fire hits you but does no damage.
The orc high priest calls down the wrath of Beogh upon you.
Pain shoots through your body!
* * * LOW HITPOINT WARNING * * *
The orc sorcerer howls an incantation.
The orc sorcerer's hands start to glow.
The orc priest mumbles some strange prayers to Beogh against you.
Beogh smites you!
* * * LOW HITPOINT WARNING * * *
The orc high priest mumbles some strange prayers to Beogh.
The orc high priest calls down the wrath of Beogh upon you.
Beogh smites you!
You die...

### ### ##.###.##
#.......# ###
##.....#. ##.##
######.#.##.. #...
##.##.......#. ##..#
#.......#.....
#..@####.......#....
##.#.####...........
##......##...........
#.......5o)...o......
##......5.o.o.......#
#........4..o.....##
#......#.4.3.....o.#
#...............#...
#.................o.#


You could see an orc high priest, an orc sorcerer, 2 red devils and 2 ufetubi.

Vanquished Creatures
  Rupert (Lair:3)
  The ghost of Jabberih the Lord of Darkness, a journeyman DsNe of Kikubaaqudgha (Orc:1)
  Erica (D:7)
  A merfolk avatar (Lair:6)
  3 hydras
  4 two-headed ogres
  2 catoblepae
  12 death yaks
  4 orc high priests
  Sonja (Lair:4)
  A sea snake (Lair:6)
  An unseen horror (D:10)
  A deep troll (Orc:1)
  3 orc knights (Orc:1)
  Pikel (D:4)
  A harpy (Lair:6)
  A moth of wrath (Orc:1)
  A manticore (Lair:6)
  A cyclops (Orc:1)
  A merfolk siren (Lair:2)
  9 elephants
  Psyche (D:8)
  A torpor snail (Lair:6)
  A black mamba (Lair:2)
  8 spiny frogs
  7 rime drakes
  6 komodo dragons
  A demonic crawler (Lair:4)
  5 hornets (Lair:6)
  3 trolls
  3 polar bears
  3 blink frogs (Lair:4)
  5 hippogriffs
  3 wyverns (Lair:6)
  A spriggan (D:8)
  Eustachio (D:4)
  3 basilisks
  19 yaks
  3 wargs
  13 water moccasins
  8 porcupines
  A sky beast (D:10)
  2 hornet zombies (D:9)
  9 orc warriors
  3 phantoms
  3 ice beasts
  A necrophage (D:9)
  2 centaurs
  12 ogres
  29 wolves
  12 crocodiles
  A big kobold (D:8)
  13 bullfrogs
  A wyvern skeleton (D:9)
  7 scorpions
  6 killer bees
  19 wights
  An electric eel (Lair:3)
  A howler monkey (D:5)
  6 crimson imps
  A bullfrog zombie (D:7)
  5 hounds
  A quasit (D:7)
  A centaur zombie (D:6)
  10 orc wizards
  27 orc priests
  3 jellies
  A bullfrog skeleton (D:9)
  A centaur skeleton (D:9)
  Terence (D:2)
  2 iguanas
  7 worker ants
  A killer bee zombie (D:9)
  2 mummies (D:9)
  A hound skeleton (D:8)
  3 worker ant zombies
  A howler monkey zombie (D:7)
  8 gnolls
  12 adders
  A howler monkey skeleton (D:9)
  2 shadow imps
  3 oozes
  2 adder zombies (D:9)
  An adder skeleton (D:6)
  4 worms
  4 leopard geckos
  73 orcs
  7 giant cockroaches
  7 goblins
  12 hobgoblins
  10 jackals
  8 quokkas
  A ball python (D:3)
  A ball python skeleton (D:4)
  3 bats
  3 frilled lizards (D:5)
  A jackal zombie (D:5)
  9 kobolds
  A leopard gecko skeleton (D:4)
  2 quokka skeletons
  2 quokka zombies
  6 rats
526 creatures vanquished.

Vanquished Creatures (others)
  An orc wizard (Orc:2)
  A bush (Lair:2)
  4 fungi (Lair:6)
  5 plants
  5 toadstools (D:2)
16 creatures vanquished.

Grand Total: 542 creatures vanquished

Notes
Turn   | Place    | Note
-------+----------+-------------------------------------------
     0 | D:1      | Hylith the Gargoyle Fighter began the quest for the Orb.
     0 | D:1      | Reached XP level 1. HP: 14/14 MP: 1/1
   233 | D:1      | Reached XP level 2. HP: 19/19 MP: 2/2
   597 | D:2      | Reached XP level 3. HP: 24/24 MP: 3/3
   838 | D:2      | Noticed Terence
   858 | D:2      | Killed Terence
   858 | D:2      | Reached XP level 4. HP: 10/29 MP: 4/4
  1435 | D:3      | Reached XP level 5. HP: 32/33 MP: 5/5
  1505 | D:3      | Found an opulent altar of Gozag.
  2184 | D:4      | Noticed Eustachio
  2250 | D:4      | Killed Eustachio
  2250 | D:4      | Reached skill level 5 in Maces & Flails
  2250 | D:4      | Reached XP level 6. HP: 19/38 MP: 6/6
  2428 | D:4      | Found a shadowy altar of Dithmenos.
  2544 | D:4      | Found Jeosudd's General Store.
  2551 | D:4      | Noticed a slave
  2551 | D:4      | Noticed a slave
  2551 | D:4      | Noticed a slave
  2551 | D:4      | Noticed a slave
  2551 | D:4      | Noticed Pikel
  2558 | D:4      | Killed Pikel
  2558 | D:4      | Reached XP level 7. HP: 43/43 MP: 7/7
  2621 | D:4      | Reached XP level 8. HP: 40/48 MP: 8/8
  2636 | D:4      | Found a shimmering altar of Xom.
  2636 | D:4      | Found an ornate altar of the Wu Jian Council.
  2673 | D:4      | Found Sasmoc's General Store.
  2677 | D:4      | Found Quacim's Armour Shoppe.
  2806 | D:4      | Found Feoxom's Armour Emporium.
  2819 | D:4      | Found Hiafriva's Magic Scroll Shoppe.
  2926 | D:5      | Entered Level 5 of the Dungeon
  2927 | D:5      | Found a burning altar of Makhleb.
  2961 | D:5      | Became a worshipper of Makhleb the Destroyer
  3539 | D:5      | Reached skill level 10 in Maces & Flails
  3837 | D:5      | Reached XP level 9. HP: 51/52 MP: 9/9
  4010 | D:4      | Bought a +1 pair of boots of running for 401 gold pieces
  4191 | D:6      | Found a glowing golden altar of the Shining One.
  4191 | D:6      | Found a white marble altar of Elyvilon.
  4192 | D:6      | Found a glowing silver altar of Zin.
  4251 | D:6      | Found a shadowy altar of Dithmenos.
  4252 | D:6      | Found a stormy altar of Qazlal.
  4357 | D:6      | Reached * piety under Makhleb
  4446 | D:6      | You fall through a shaft for 2 floors!
  4452 | D:8      | Noticed Erica
  4476 | D:7      | Killed Erica
  4724 | D:7      | Reached XP level 10. HP: 56/56 MP: 10/10
  4841 | D:7      | Found a staircase to the Ecumenical Temple.
  4945 | D:7      | Found a roughly hewn altar of Beogh.
  5574 | D:8      | Found a deep blue altar of Sif Muna.
  5575 | D:8      | Found an ancient bone altar of Kikubaaqudgha.
  5576 | D:8      | Found a radiant altar of Vehumet.
  5580 | D:8      | Identified Vehumet's Almanac of Attacks
  5670 | D:8      | Reached ** piety under Makhleb
  5727 | D:8      | Reached skill level 5 in Shields
  5757 | D:8      | Found a staircase to the Lair.
  5816 | D:8      | Noticed Psyche
  5827 | D:8      | Killed Psyche
  6479 | D:9      | Noticed a two-headed ogre
  6493 | D:9      | Killed a two-headed ogre
  6519 | D:9      | Found a runed translucent door.
  6520 | D:9      | Found a shimmering altar of Xom.
  6520 | D:9      | Noticed Alannah's ghost (novice DsHu)
  6520 | D:9      | Noticed a +2 quarterstaff of chaos
  6623 | D:9      | Found a sacrificial altar of Ru.
  6640 | D:9      | Reached XP level 11. HP: 38/61 MP: 11/11
  6856 | D:10     | Entered Level 10 of the Dungeon
  6986 | D:10     | Found a staircase to the Orcish Mines.
  7177 | D:10     | Noticed an unseen horror
  7183 | D:10     | Reached *** piety under Makhleb
  7223 | D:10     | Killed an unseen horror
  7369 | D:10     | Found a transporter.
  7616 | D:10     | Found a transporter.
  7785 | Lair:1   | Entered Level 1 of the Lair of Beasts
  7798 | Lair:1   | Reached skill level 10 in Shields
  8601 | Lair:2   | Noticed a four-headed hydra
  8607 | Lair:2   | Noticed a six-headed hydra
  8614 | Lair:2   | Killed a four-headed hydra
  8625 | Lair:2   | Killed a six-headed hydra
  8637 | Lair:2   | Reached XP level 12. HP: 66/66 MP: 12/12
  8699 | Lair:2   | Reached **** piety under Makhleb
  9032 | Lair:2   | Found a staircase to the Shoals.
  9424 | Lair:3   | Noticed a death yak
  9424 | Lair:3   | Noticed a death yak
  9424 | Lair:3   | Noticed a death yak
  9443 | Lair:3   | Killed a death yak
  9450 | Lair:3   | Noticed a death yak
  9456 | Lair:3   | Noticed a death yak
  9458 | Lair:3   | Killed a death yak
  9459 | Lair:3   | Killed a death yak
  9481 | Lair:3   | Killed a death yak
  9481 | Lair:3   | Reached skill level 5 in Fighting
  9481 | Lair:3   | Reached skill level 5 in Armour
  9497 | Lair:3   | Killed a death yak
  9850 | Lair:3   | Noticed Rupert
  9852 | Lair:3   | Paralysed by Rupert for 3 turns
  9874 | Lair:3   | Killed Rupert
  9874 | Lair:3   | Reached skill level 15 in Shields
  9901 | Lair:3   | Reached XP level 13. HP: 23/74 MP: 13/13
 10040 | Lair:3   | Found a blossoming altar of Fedhas.
 10326 | Lair:4   | You fall through a shaft for 2 floors!
 10326 | Lair:6   | Entered Level 6 of the Lair of Beasts
 10326 | Lair:6   | Found a staircase to the Slime Pits.
 10326 | Lair:6   | Found a viscous altar of Jiyva.
 10469 | Lair:5   | Reached ***** piety under Makhleb
 10958 | Lair:5   | Reached skill level 1 in Invocations
 10966 | Lair:5   | Reached skill level 1 in Evocations
 10980 | Lair:5   | Reached skill level 1 in Dodging
 11765 | Lair:4   | Noticed Sonja
 11791 | Lair:4   | Killed Sonja
 11939 | Lair:4   | Found a hole to the Spider Nest.
 12463 | Lair:6   | Reached skill level 10 in Fighting
 12481 | Lair:6   | Gained mutation: Your large and strong wings let you fly
                  | indefinitely. [Gargoyle growth]
 12481 | Lair:6   | Reached XP level 14. HP: 77/88 MP: 16/16
 13361 | Orc:1    | Entered Level 1 of the Orcish Mines
 13458 | Orc:1    | Found a roughly hewn altar of Beogh.
 13506 | Orc:1    | Found Caopsad's Antique Armour Shoppe.
 13802 | Orc:1    | Found a transporter.
 13857 | Orc:1    | Found a transporter.
 13880 | Orc:1    | Noticed Jabberih's ghost (journeyman DsNe)
 13884 | Orc:1    | Found a bloodstained altar of Trog.
 13896 | Orc:1    | Identified the cursed +1 great sword "Fulij Wone" {freeze,
                  | *Noise rN+ Dex+5}
 13928 | Orc:1    | Reached ****** piety under Makhleb
 14385 | Orc:2    | Entered Level 2 of the Orcish Mines
 14491 | Orc:2    | Found a staircase to the Elven Halls.
 15349 | Orc:1    | Killed Jabberih's ghost
 15359 | Orc:1    | Reached skill level 15 in Maces & Flails
 15481 | Orc:2    | Killed from afar by an orc high priest

Skill      XL: |  1  2  3  4  5  6  7  8  9 10 11 12 13 14 |
---------------+-------------------------------------------+-----
Fighting       | 4 6 10 11 | 11.1
Armour         | 4 6 8 9 |  9.5
Shields        | 4 7 12 15 | 15.1
Maces & Flails | 3 5 7 8 10 12 14 15 | 15.0
Invocations    | 3 4 |  4.0
Evocations     | 2 4 |  4.0
Dodging        | 2 4 |  4.5
Throwing       | |  0.5

Action                   |  1- 3 |  4- 6 |  7- 9 | 10-12 | 13-15 || total
-------------------------+-------+-------+-------+-------+-------++-------
Melee: Flail             |    84 |    99 |   277 |   992 |  1234 ||  2686
       Mace              |       |    88 |       |       |       ||    88
Evoke: Wand              |       |       |     3 |       |     5 ||     8
  Use: Potion            |     1 |       |     1 |       |       ||     2
       Scroll            |       |     2 |     5 |    10 |     2 ||    19
  Eat: Chunk             |       |     6 |     7 |    13 |    15 ||    41
       Ration            |       |       |       |     1 |     1 ||     2
Armor: Scale mail        |     6 |       |       |       |       ||     6
       Plate armour      |    62 |   177 |   194 |   520 |   560 ||  1513
Dodge: Dodged            |    16 |    52 |    40 |   212 |   429 ||   749
Block: Shield            |    43 |   138 |   130 |   505 |   893 ||  1709
